 Dungeon Sprint DCSS version 0.27-a0-1123-g2f9bb313c0 (webtiles) character file.

Game seed: 14812639427231822826

16352 Zeld the Peltast (level 12, -7/101 HPs)
             Began as an Octopode Fighter on May 3, 2021.
             Was the Champion of Okawaru.
             Shot with a bolt by a yaktaur (36 damage)
             ... in the Dungeon (Sprint V: "Ziggurat Sprint").
             The game lasted 00:08:30 (3918 turns).

Zeld the Peltast (Octopode Fighter)                 Turns: 3918, Time: 00:08:31

Health: -7/101     AC:  3    Str: 34    XL:     12   Next: 36%
Magic:  12/12      EV: 15    Int: 11    God:    Okawaru [******]
Gold:   0          SH: 26    Dex: 12    Spells: 11/11 levels left

rFire    . . .     SeeInvis +   D - +14 obsidian axe {vorpal, Drain Fly SInv}
rCold    + . .     Faith    .   j - +3 tower shield
rNeg     . . .     Spirit   .   F - +1 hat {Will+}
rPois    .         Reflect  .   m - amulet of regeneration
rElec    .         Harm     .   E - ring of see invisible
rCorr    .         Rampage  .   A - +6 ring of strength
Will     +....     NoTele   +   P - ring of the Octopus King {Wiz AC+1 EV+1 Str+1 Int+1 Dex+1}
Stlth    ++........             (no ring)
HPRegen  1.26/turn              K - ring of protection from cold
MPRegen  0.13/turn              (no ring)
                                B - +6 ring of strength
                                (no ring)

@: on berserk cooldown, flying, mesmerised, slowed, studying Dodging, very slow
A: almost no armour, amphibious, 8 rings, camouflage 1, gelatinous body 1,
(nimble swimmer 1), tentacles
a: Renounce Religion, Heroism, Finesse


You were in the Dungeon.
You worshipped Okawaru.
Okawaru was exalted by your worship.
You visited 1 branch

Inventory:

Hand Weapons
 l - a +5 broad axe of protection
 D - the +14 obsidian axe (weapon) {vorpal, Drain Fly SInv}
   (You found it in the Dungeon)

   It inflicts extra damage upon your enemies.
   It lets you see invisible.
   It grants you flight.
   It drains your maximum health when unequipped.
Armour
 j - a +3 tower shield (worn)
 F - a +1 hat of willpower (worn)
Jewellery
 m - an amulet of regeneration (around mantle)
 v - the amulet of Jahuplen {Rampage Regen+}
   (You found it in the Dungeon)

   [amulet of regeneration]

   It increases your rate of health regeneration.
   It bestows one free step when moving towards enemies.
 A - a +6 ring of strength (right tentacle)
 B - a +6 ring of strength (on tentacle)
 E - a ring of see invisible (left tentacle)
 K - a ring of protection from cold (on tentacle)
 P - a ring of the Octopus King (on tentacle) {Wiz AC+1 EV+1 Str+1 Int+1 Dex+1}
   (You found it in the Dungeon)

   [ring of wizardry]

   It improves your spell success rate.
   It affects your AC (+1).
   It affects your evasion (+1).
   It affects your strength (+1).
   It affects your intelligence (+1).
   It affects your dexterity (+1).
Wands
 s - a wand of mindburst (7)
 t - a wand of iceblast (2)
 u - a wand of acid (7)
Scrolls
 i - 4 scrolls of blinking
 n - 4 scrolls of amnesia
 o - 8 scrolls of fog
 p - a scroll of holy word
 q - 5 scrolls of identify
 r - a scroll of fear
Potions
 a - 2 potions of brilliance
 b - 2 potions of invisibility
 c - 6 potions of might
 d - 10 potions of curing
 e - 4 potions of heal wounds
 f - 10 potions of haste
 g - 7 potions of magic
 h - 2 potions of berserk rage
 k - 4 potions of resistance
Miscellaneous
 w - a phial of floods
 x - a tin of tremorstones (2/2)
 y - a phantom mirror
 z - a phial of floods
 C - a lightning rod (4/4)
 G - a box of beasts
 H - a piece from Xom's chessboard (15/15)
 I - a piece from Xom's chessboard (15/15)
 J - a tin of tremorstones (2/2)
 L - a phial of floods
 M - a piece from Xom's chessboard (15/15)
 N - a condenser vane
 O - a lightning rod (4/4)
 Q - a phial of floods
 R - a box of beasts
 S - a phial of floods
 T - a phantom mirror


   Skills:
 * Level 16.7 Fighting
 * Level 17.3 Axes
 - Level 7.7 Dodging
 * Level 17.4 Shields


You had 11 spell levels left.
You didn't know any spells.
Your spell library contained the following spells:

 Spells                   Type           Power      Damage    Failure   Level
 Animate Skeleton         Necr           0%         N/A       34%         1
 Foxfire                  Conj/Fire      0%         2x1d4     34%         1
 Pain                     Necr           0%         1d4       34%         1
 Sandblast                Erth           0%         2d4       34%         1
 Corpse Rot               Necr/Air       N/A        N/A       45%         2
 Passwall                 Tmut/Erth      0%         N/A       45%         2
 Poisonous Vapours        Pois/Air       0%         N/A       45%         2
 Sublimation of Blood     Necr           0%         N/A       45%         2
 Conjure Flame            Conj/Fire      0%         6-21      69%         3
 Frozen Ramparts          Ice            0%         1d2       69%         3
 Ignite Poison            Fire/Tmut/Pois 0%         N/A       69%         3
 Mephitic Cloud           Conj/Pois/Air  0%         N/A       69%         3
 Stone Arrow              Conj/Erth      0%         3d7       69%         3
 Vampiric Draining        Necr           0%         2d6       69%         3
 Animate Dead             Necr           0%         N/A       97%         4
 Cause Fear               Hex            0%         N/A       97%         4
 Dispel Undead            Necr           0%         3d6       97%         4
 Petrify                  Tmut/Erth      0%         N/A       97%         4
 Agony                    Necr           0%         N/A       100%        5
 Alistair's Intoxication  Tmut/Pois      0%         N/A       100%        5
 Excruciating Wounds      Necr           0%         N/A       100%        5
 Hydra Form               Tmut           0%         N/A       100%        5
 Irradiate                Conj/Tmut      0%         3d13      100%        5
 Lee's Rapid Deconstruct  Erth           0%         3d5*      100%        5
 Summon Forest            Summ/Tloc      0%         N/A       100%        5
 Eringya's Noxious Bog    Tmut/Pois      0%         N/A       100%        6
 Freezing Cloud           Conj/Ice/Air   0%         6-21      100%        6
 Iron Shot                Conj/Erth      0%         9d1       100%        6
 Statue Form              Tmut/Erth      0%         N/A       100%        6
 Dragon Form              Tmut           0%         N/A       100%        7
 Summon Hydra             Summ           0%         N/A       100%        7
 Chain Lightning          Conj/Air       0%         N/A       100%        8
 Lehudib's Crystal Spear  Conj/Erth      0%         10d2      100%        8
 Absolute Zero            Ice            0%         ∞         100%        9
 Dragon's Call            Summ           0%         N/A       100%        9
 Fire Storm               Conj/Fire      0%         5d1       100%        9


Dungeon Overview and Level Annotations

Branches:
Dungeon (1/1)

Altars:
Ashenzari
Cheibriados
Dithmenos
Elyvilon
Fedhas
Gozag
Hepliaklqana
Kikubaaqudgha
Makhleb
Nemelex Xobeh
Okawaru
Qazlal
Ru
Sif Muna
Trog
Uskayaw
Vehumet
Wu Jian
Xom
Yredelemnul
Zin
The Shining One
Beogh
Jiyva
Lugonu

Annotations:
D 1 transporter


Innate Abilities, Weirdness & Mutations

You cannot wear most types of armour.
You are amphibious.
You can wear up to eight rings at the same time.
Your skin changes colour to match your surroundings (Stealth+).
Your rubbery body absorbs attacks. (AC +1, EV +1)
((You are camouflaged near water. (Stealth+)))
You have tentacles for arms and can constrict up to eight enemies at once.


Message History

A merfolk javelineer comes into view. It is wielding a +2 spear of freezing.
The yaktaur captain drinks a potion.
The yaktaur captain seems to speed up.
The yaktaur wields a +0 arbalest.
The yaktaur shoots a bolt.
The bolt hits you!!
The yaktaur wields a +0 arbalest.
The yaktaur shoots a bolt.
You block the bolt.
The yaktaur shoots a bolt.
You block the bolt.
Found three items.
Unknown command.
Visions of slaying the yaktaur flood into your mind.
Found a transporter.
You feel your anger nearly subside.
Visions of slaying the centaur flood into your mind.
You are no longer berserk.
You are exhausted.
You feel yourself slow down.
The yaktaur shoots a bolt.
You block the bolt.
The yaktaur shoots a bolt.
You block the bolt.
The yaktaur shoots a bolt.
You block the bolt.
You slash the centaur!
You are no longer entranced.
You kill the centaur!
Okawaru accepts your kill.
Visions of slaying the yaktaur flood into your mind.
The yaktaur shoots a bolt.
You block the bolt.
The yaktaur shoots a bolt.
You block the bolt.
The yaktaur shoots a bolt.
The bolt hits you!!!
* * * LOW HITPOINT WARNING * * *
As you read the scroll of fear, it crumbles to dust.
You assume a fearsome visage.
The centaur looks frightened!
The yaktaur captain looks frightened!
The yaktaur looks frightened!
The merfolk javelineer looks frightened!
The deep elf master archer looks frightened!
The yaktaur resists with some effort.
The yaktaur captain resists with some effort.
The yaktaur easily resists.
The yaktaur looks frightened! x3
Visions of slaying the yaktaur captain flood into your mind.
The yaktaur shoots a bolt.
You block the bolt.
The yaktaur shoots a bolt.
You block the bolt.
The yaktaur shoots a bolt.
You block the bolt.
The yaktaur captain drinks a potion.
The yaktaur captain seems to grow stronger.
The yaktaur shoots a bolt.
The bolt hits you!!!
You die...

▓.........
▓▓▓▓▓▓▓▓▓▓▓▓▓.▓.....▓.
▓..c.8©8.c..▓....©....
▓..c.).})m..▓▓▓▓▓▓▓▓▓▓
▓....c=ec..c▓...8©8...
▓.......c...▓...|)|...
▓...cc......▓....))...
▓...).......▓.........
▓....@......▓.....=...
▓..▓.....▓..▓.........
▓. ▓▓...▓▓ ▓.........
▓..▓.....▓..▓.▓.....▓.
▓.....©.....▓....©....
▓▓▓▓▓▓▓▓▓▓▓▓▓▓▓▓▓▓▓▓▓▓
▓...8©8...▓...8©8...▓.
▓...[..)".▓...))....▓.
▓..)[.)[..▓.....|)..▓.


You could see a merfolk javelineer (fleeing), 2 yaktaur captains, a deep elf
master archer (fleeing), 6 yaktaurs and a centaur (fleeing).

Vanquished Creatures
  A vault warden (D)
  A ghoul (D)
  An ironbound preserver (D)
  A deep elf annihilator (D)
  A deep elf high priest (D)
  A yaktaur captain (D)
  2 vault guards (D)
  A deep elf knight (D)
  3 skeletal warriors (D)
  2 large abominations (D)
  A necromancer (D)
  A deep elf pyromancer (D)
  A rust devil (D)
  2 cane toads (D)
  A hellion (D)
  A komodo dragon (D)
  2 jumping spiders (D)
  3 trolls (D)
  A slime creature (D)
  2 spriggans (D)
  A yak (D)
  A small abomination (D)
  3 black bears (D)
  4 ogres (D)
  A necrophage (D)
  2 wolves (D)
  A centaur (D)
  3 scorpions (D)
  An earth elemental (D)
  A wight (D)
  A crimson imp (D)
  2 orc priests (D)
  3 orc wizards (D)
  A river rat (D)
  A shadow imp (D)
  2 white imps (D)
  3 ufetubi (D)
  An adder zombie (D)
  2 adder skeletons (D)
  An orc (D)
  A bat skeleton (D)
  A ball python zombie (D)
  A giant cockroach zombie (D)
  A jackal zombie (D)
  A quokka skeleton (D)
  2 quokka zombies (D)
71 creatures vanquished.

Vanquished Creatures (collateral kills)
  A skeletal warrior (D)
  A cyclops (D)
  A red devil (D)
  An ogre (D)
  An iron imp (D)
5 creatures vanquished.

Grand Total: 76 creatures vanquished

Notes
Turn   | Place    | Note
-------+----------+-------------------------------------------
     0 | D        | Zeld the Octopode Fighter began the quest for the Orb.
     0 | D        | Reached XP level 1. HP: 16/16 MP: 1/1
     4 | D        | Found a blossoming altar of Fedhas.
     5 | D        | Found the +6 Majin-Bo {vamp, MP+6 Int+6}
     5 | D        | Found the +9 heavy crossbow "Sniper" {vorpal, Acc+∞ SInv}
     5 | D        | Found the +10 dark maul {vorpal}
     5 | D        | Found the +15 Maxwell's patent armour {-Cast -Tele rElec
                  | Will+ rCorr}
     5 | D        | Found the +18 shield of the Gong {rElec rN+ Will+ EV-5}
     5 | D        | Found the +14 obsidian axe {vorpal, Drain Fly SInv}
     5 | D        | Found the +7 great mace "Firestarter" {inner flame, rF++}
     5 | D        | Found the +6 shillelagh "Devastator" {shatter}
     5 | D        | Found the +11 plutonium sword {Contam Stlth-}
     5 | D        | Found the +8 lance "Wyrmbane" {slay drac, rPois rF+ rC+
                  | AC+3}
     5 | D        | Found the +9 sword of Zonguldrok {reap}
     5 | D        | Found the +13 scythe of Curses {drain, Drain}
     5 | D        | Found the +5 sword of Power {vorpal}
     5 | D        | Found the +7 mace of Variability {chain chaos}
     5 | D        | Found the +7 Singing Sword {vorpal, sonic wave}
     5 | D        | Found the +8 storm bow {elec, penet}
     8 | D        | Found a viscous altar of Jiyva.
     8 | D        | Found a hazy altar of Hepliaklqana.
     8 | D        | Found a transporter.
     8 | D        | Found an opulent altar of Gozag.
     8 | D        | Found an ancient bone altar of Kikubaaqudgha.
     8 | D        | Found a corrupted altar of Lugonu.
    31 | D        | Found a burning altar of Makhleb.
    32 | D        | Found a stormy altar of Qazlal.
    32 | D        | Found an iron altar of Okawaru.
    32 | D        | Found a sacrificial altar of Ru.
    32 | D        | Found a sparkling altar of Nemelex Xobeh.
    32 | D        | Found a shimmering blue altar of Sif Muna.
    32 | D        | Found a bloodstained altar of Trog.
    62 | D        | Became a worshipper of Warmaster Okawaru
    82 | D        | Reached skill level 5 in Axes
    82 | D        | Reached XP level 2. HP: 21/21 MP: 2/2
   247 | D        | Entered arena 2.
   247 | D        | Found a transporter.
   250 | D        | Reached XP level 3. HP: 23/27 MP: 3/3
   251 | D        | Reached XP level 4. HP: 29/34 MP: 4/4
   390 | D        | Entered arena 3.
   390 | D        | Found a transporter.
   405 | D        | Entered arena 4.
   405 | D        | Noticed a scorpion
   405 | D        | Noticed a jumping spider
   405 | D        | Noticed a scorpion
   405 | D        | Noticed a jumping spider
   405 | D        | Found a transporter.
   408 | D        | HP: 1/34 [jumping spider (19)]
   411 | D        | Killed a jumping spider
   411 | D        | Reached * piety under Okawaru
   412 | D        | Reached XP level 5. HP: 24/42 MP: 5/5
   412 | D        | Reached XP level 6. HP: 27/47 MP: 5/6
   412 | D        | Killed a jumping spider
   412 | D        | Reached ** piety under Okawaru
   413 | D        | Reached XP level 7. HP: 28/55 MP: 5/7
   662 | D        | Entered arena 5.
   662 | D        | Found a transporter.
   669 | D        | Reached skill level 10 in Shields
   984 | D        | Entered arena 6.
   984 | D        | Noticed a deep elf annihilator
   984 | D        | Noticed a deep elf pyromancer
   984 | D        | Noticed a deep elf high priest
   984 | D        | Noticed a deep elf knight
   984 | D        | Found a transporter.
   988 | D        | Killed a deep elf annihilator
   988 | D        | Reached *** piety under Okawaru
   988 | D        | Reached **** piety under Okawaru
   988 | D        | Reached ***** piety under Okawaru
   989 | D        | Reached skill level 10 in Fighting
   989 | D        | Reached XP level 8. HP: 37/65 MP: 8/8
   989 | D        | Killed a deep elf pyromancer
   990 | D        | Reached XP level 9. HP: 17/72 MP: 9/9
   995 | D        | Killed a deep elf knight
   995 | D        | Received a gift from Okawaru
   998 | D        | Killed a deep elf high priest
   999 | D        | Reached XP level 10. HP: 62/81 MP: 10/10
  1291 | D        | Entered arena 7.
  1291 | D        | Noticed a vault guard
  1291 | D        | Noticed a vault warden
  1291 | D        | Noticed an ironbound preserver
  1291 | D        | Noticed a vault guard
  1291 | D        | Noticed a yaktaur captain
  1298 | D        | Killed a vault guard
  1299 | D        | Killed a yaktaur captain
  1299 | D        | Killed an ironbound preserver
  1299 | D        | Received a gift from Okawaru
  1304 | D        | Killed a vault warden
  1305 | D        | Reached skill level 15 in Shields
  1305 | D        | Reached XP level 11. HP: 48/90 MP: 11/11
  1305 | D        | Killed a vault guard
  1306 | D        | Reached skill level 15 in Axes
  1310 | D        | Found a transporter.
  1595 | D        | Entered arena 8.
  1596 | D        | Found a transporter.
  2036 | D        | Entered arena 9.
  2037 | D        | Found a transporter.
  2044 | D        | Reached skill level 15 in Fighting
  2394 | D        | Entered arena 10.
  2394 | D        | Noticed a large abomination
  2395 | D        | Found a transporter.
  2402 | D        | Killed a large abomination
  2418 | D        | Got the amulet of Jahuplen {Rampage Regen+}
  2654 | D        | Entered arena 11.
  2654 | D        | Noticed a cyclops
  2660 | D        | Received a gift from Okawaru
  2661 | D        | Reached ****** piety under Okawaru
  2663 | D        | Killed a cyclops
  2702 | D        | Found a transporter.
  3208 | D        | Entered arena 12.
  3208 | D        | Noticed a skeletal warrior
  3208 | D        | Noticed a ghoul
  3209 | D        | Noticed a skeletal warrior
  3209 | D        | Noticed a necromancer
  3210 | D        | Found the ring of the Octopus King {Wiz AC+1 EV+1 Str+1
                  | Int+1 Dex+1}
  3210 | D        | Found the +10 zealot's sword {holy, *Rage rN+ EV+3}
  3210 | D        | Identified the +8 great sword of Resumed Hostilities
                  | {drain, Stlth+}
  3211 | D        | Found a transporter.
  3217 | D        | Killed a skeletal warrior
  3219 | D        | Killed a necromancer
  3223 | D        | Killed a ghoul
  3224 | D        | Reached XP level 12. HP: 62/99 MP: 10/12
  3326 | D        | Got the Catalogue of the Mountains and Ice
  3328 | D        | Got a ring of the Octopus King {Wiz AC+1 EV+1 Str+1 Int+1
                  | Dex+1}
  3579 | D        | Entered arena 13.
  3581 | D        | Found a transporter.
  3909 | D        | Entered arena 14.
  3912 | D        | Identified the +5 scimitar "Death Rattle" {antimagic, Fly
                  | rC+}
  3913 | D        | Noticed a yaktaur captain
  3914 | D        | Noticed a yaktaur captain
  3914 | D        | Noticed a deep elf master archer
  3914 | D        | Noticed a merfolk javelineer
  3915 | D        | Found a transporter.
  3918 | D        | Shot with a bolt by a yaktaur

Illustrated notes

Levels and vault maps discovered:
D:        sprint_v [room_start, room_1, room_2, room_3, room_4, room_5, room_6,
          room_7, room_8, room_9, room_10, room_11, room_12, room_13, room_14,
          room_15, room_16, room_17, room_18, room_19, room_20, room_21,
          room_22, room_23, room_24, room_25, room_26, room_27]

Skill      XL: |  1  2  3  4  5  6  7  8  9 10 11 12 |
---------------+-------------------------------------+-----
Axes           | 5 6 8 9 11 13 14 16 17 | 17.3
Shields        | 6 8 9 11 12 13 15 16 17 | 17.4
Fighting       | 4 6 8 10 11 12 14 16 | 16.7
Dodging        | 6 7 |  7.7

Action                   |  1- 3 |  4- 6 |  7- 9 | 10-12 || total
-------------------------+-------+-------+-------+-------++-------
Melee: Broad axe         |     2 |     5 |    12 |    60 ||    79
       Tentacles         |       |     1 |     5 |    18 ||    24
       Constrict         |       |     1 |     4 |    10 ||    15
       Punch             |       |       |     1 |     2 ||     3
Invok: Heroism           |       |       |     1 |     6 ||     7
       Finesse           |       |       |       |     1 ||     1
Evoke: Lightning rod     |       |       |     3 |       ||     3
       Wand              |       |       |       |     5 ||     5
  Use: Potion            |     1 |     2 |     2 |     3 ||     8
       Scroll            |       |     1 |       |     1 ||     2
Dodge: Dodged            |     1 |     2 |     7 |    18 ||    28
Block: Tower shield      |     1 |    14 |    13 |    86 ||   114

Table legend: (Time is in decaauts)
 A = Elapsed time spent in this place.
 B = Non-inter-level travel time spent in this place.
 C = Inter-level travel time spent in this place.
 D = Time resting spent in this place.
 E = Time spent auto-exploring this place.
 F = Levels seen in this place.
 G = Mean time per level.
                   A        B        C        D        E       F      G
               +--------+--------+--------+--------+--------+-----+--------+
         Total |   3905 |   3901 |      4 |   3410 |      0 |   1 | 3905.0 |
       Dungeon |   3905 |   3901 |      4 |   3410 |      0 |   1 | 3905.0 |
               +--------+--------+--------+--------+--------+-----+--------+

Top non-repeatable levels by time:
       D: 3905 daAuts
